 Dungeon Sprint DCSS version 0.23.2-40-g277498a (webtiles) character file.

Game seed: 17293946138934944752

431 silentkaos13 the Fighter (level 6, 0/62 HPs)
             Began as a Demonspawn Gladiator on Oct 9, 2019.
             Was an Initiate of Makhleb.
             Slain by a slime creature (18 damage)
             ... in the Dungeon (Sprint I: "Red Sonja").
             The game lasted 00:01:47 (495 turns).

silentkaos13 the Fighter (Demonspawn Gladiator)      Turns: 495, Time: 00:01:47

Health: 0/62       AC:  9    Str: 17    XL:     6   Next: 67%
Magic:  6/6        EV: 15    Int:  9    God:    Makhleb [......]
Gold:   306        SH:  0    Dex: 14    Spells: 5/5 levels left

rFire    . . .     SeeInvis .   a - +0 rapier
rCold    . . .     Gourm    .   (no shield)
rNeg     . . .     Faith    .   b - +0 leather armour
rPois    .         Spirit   .   (helmet restricted)
rElec    .         Reflect  .   (no cloak)
rCorr    .         Harm     .   (no gloves)
MR       .....     NoTele   +   (no boots)
Stlth    +.........             (no amulet)
HPRegen  0.20/turn              (no ring)
MPRegen  0.10/turn              (no ring)

@: sanguine armour
A: antennae 1, powered by death 2, sanguine armour 1
a: Renounce Religion


You were in the Dungeon.
You worshipped Makhleb.
Makhleb was noncommittal.
You were not hungry.

You visited 1 branch You collected 306 gold pieces.

Inventory:

Hand Weapons
 a - a +0 rapier (weapon)
Missiles
 d - a throwing net (quivered)
Armour
 b - a +0 leather armour (worn)
 c - a +0 helmet
Wands
 l - a wand of polymorph (1)
Scrolls
 k - a scroll of blinking
Potions
 e - a potion of curing
 h - a potion of haste
 i - 2 potions of magic
 j - a potion of berserk rage
 m - 2 potions of brilliance {unknown}
 o - a potion of degeneration {unknown}
Comestibles
 f - a ration


   Skills:
 - Level 11.5 Fighting
 - Level 5.8 Short Blades
 - Level 3.2 Throwing
 - Level 5.8 Dodging
 - Level 0.8 Stealth


You had 5 spell levels left.
You didn't know any spells.
Your spell library was empty.

Dungeon Overview and Level Annotations

Branches:
Dungeon (1/1)

Altars:
Cheibriados
Dithmenos
Elyvilon
Fedhas
Gozag
Hepliaklqana
Kikubaaqudgha
Makhleb
Nemelex Xobeh
Okawaru
Qazlal
Ru
Sif Muna
Trog
Uskayaw
Vehumet
Wu Jian
Xom
Yredelemnul
Zin
The Shining One
Jiyva
Lugonu

Shops:
D [


Innate Abilities, Weirdness & Mutations

You have a pair of small antennae on your head.
You regenerate health from kills.
When seriously injured, your bleeding wounds create armour. (AC +6)


Message History

The slime creature is moderately wounded.
The slime creature closely misses you.
You puncture the slime creature!
The slime creature is heavily wounded.
The slime creature hits you!
You puncture the slime creature!
The slime creature is heavily wounded.
The slime creature hits you but does no damage.
You hit the slime creature but do no damage.
The slime creature is heavily wounded.
The slime creature hits you!!
* * * LOW HITPOINT WARNING * * *
Unknown command.
Press < or > to pray at altars.
You feel much better. The slime creature hits you!
* * * LOW HITPOINT WARNING * * *
You hit the slime creature.
The slime creature is heavily wounded.
The slime creature hits you!!
You die...

###################
#<.#..').#.)'..#__#
#..').#..'..#..'J.+
#..#####'#####'#@_#
#..####..#...#[####
#..#__####..##.#
#..#_____##'#_.+
#⌠⌠#_.∩...'..._#
####_..__##_.#'#
#_____###+#.#
####### ###


You could see a slime creature.

Vanquished Creatures
  Sigmund (D)
  A yak (D)
  An ogre (D)
  A jelly (D)
  Ijyb (D)
5 creatures vanquished.

Notes
Turn   | Place    | Note
-------+----------+-------------------------------------------
     0 | D        | silentkaos13 the Demonspawn Gladiator began the quest for
                  | the Orb.
     0 | D        | Reached XP level 1. HP: 16/16 MP: 1/1
     1 | D        | Noticed Ijyb
    20 | D        | Killed Ijyb
    20 | D        | Gained mutation: You have a pair of small antennae on your
                  | head. [demonic ancestry]
    20 | D        | Reached XP level 2. HP: 23/23 MP: 2/2
    29 | D        | Noticed an ogre
    36 | D        | Killed an ogre
    36 | D        | Reached skill level 3 in Fighting
    36 | D        | Reached skill level 5 in Short Blades
    36 | D        | Reached skill level 5 in Dodging
    36 | D        | Gained mutation: When seriously injured, your bleeding
                  | wounds create armour. (AC +6) [demonic ancestry]
    36 | D        | Reached XP level 3. HP: 28/29 MP: 3/3
    36 | D        | Reached XP level 4. HP: 34/35 MP: 4/4
    47 | D        | Noticed Sigmund
    61 | D        | Killed Sigmund
    61 | D        | Reached skill level 9 in Fighting
    61 | D        | Gained mutation: You regenerate a little health from kills.
                  | [demonic ancestry]
    61 | D        | Reached XP level 5. HP: 37/52 MP: 5/5
    61 | D        | Gained mutation: You regenerate health from kills. [demonic
                  | ancestry]
    61 | D        | Reached XP level 6. HP: 41/58 MP: 6/6
   156 | D        | Found an ornate altar of the Wu Jian Council.
   156 | D        | Found a deep blue altar of Sif Muna.
   158 | D        | Found a radiant altar of Vehumet.
   311 | D        | Found Tecovuilary's Antique Armour Emporium.
   311 | D        | Found an ancient bone altar of Kikubaaqudgha.
   311 | D        | Found a hazy altar of Hepliaklqana.
   311 | D        | Found a stormy altar of Qazlal.
   311 | D        | Found a hide-covered altar of Uskayaw.
   311 | D        | Found a blossoming altar of Fedhas.
   311 | D        | Found a bloodstained altar of Trog.
   311 | D        | Found an iron altar of Okawaru.
   311 | D        | Found a basalt altar of Yredelemnul.
   311 | D        | Found a glowing golden altar of the Shining One.
   311 | D        | Found a snail-covered altar of Cheibriados.
   311 | D        | Found a sacrificial altar of Ru.
   311 | D        | Found a glowing silver altar of Zin.
   311 | D        | Found a shadowy altar of Dithmenos.
   311 | D        | Found a white marble altar of Elyvilon.
   311 | D        | Noticed a yak
   324 | D        | Killed a yak
   324 | D        | Reached skill level 11 in Fighting
   325 | D        | Found an opulent altar of Gozag.
   326 | D        | Found a sparkling altar of Nemelex Xobeh.
   482 | D        | Found a burning altar of Makhleb.
   482 | D        | Found a viscous altar of Jiyva.
   482 | D        | Found a shimmering altar of Xom.
   482 | D        | Found a corrupted altar of Lugonu.
   482 | D        | Noticed a slime creature
   485 | D        | Became a worshipper of Makhleb the Destroyer
   493 | D        | HP: 1/62 [slime creature (19)]
   495 | D        | Slain by a slime creature

Skill      XL: |  1  2  3  4  5  6 |
---------------+-------------------+-----
Short Blades   | 4 5 |  5.8
Throwing       | 2 3 |  3.2
Dodging        | 4 5 |  5.8
Fighting       | 3 9 11 | 11.5
Stealth        | |  0.8

Action                   |  1- 3 |  4- 6 || total
-------------------------+-------+-------++-------
Melee: Rapier            |    23 |    39 ||    62
Throw: Throwing net      |     1 |     1 ||     2
  Use: Potion            |       |     1 ||     1
 Stab: Held in net/web   |     1 |     1 ||     2
Armor: Skin              |     4 |       ||     4
       Leather armour    |       |     1 ||     1
Dodge: Dodged            |     5 |    13 ||    18
